AoeStats
← billzz0982

Arena

509849883Analyzed
3v3 RM · 2d ago on Sep 28, 2026· 105m 26s· 6 players
Game mode
Random Map
Map size
Normal (6 player)
Population
200
Speed
Normal
Resources
Standard
Victory
Conquest
Starting age
Dark Age
Ending age
Imperial Age
RankedLock teamsTeams togetherTeam positionsShared explorationLock speedFull tech treeHidden civsTurbo modeCheats
Victory
Defeat
🇻🇳 Khitans · Vietnam
989
+16
🇨🇳 Byzantines · China
980
+17
🇹🇼 Turks · Taiwan
927
+19
🇬🇷 Huns · Greece
1059
-19
🇬🇧 Bulgarians · United Kingdom
982
-17
🇦🇺 Saxons · Australia
951
-16
kyokiroto
11:10 Feudal Age
13:19 Double-Bit Axe
17:32 Castle Age
16:02 Stone Mining
15:55 Domestication
16:52 Gold Mining
26:22 Bow Saw
26:16 Pastoralism
26:45 Lamellar Armor
27:56 Stone Shaft Mining
28:08 Wheelbarrow
31:14 Hand Cart
34:41 Imperial Age
32:02 Town Watch
32:04 Loom
32:48 Town Patrol
35:45 Conscription
34:47 Elite Liao Dao
35:33 Ordo Cavalry
38:00 Masonry
37:30 Treadmill Crane
37:40 Heated Shot
38:10 Ballistics
38:51 Chemistry
37:14 Man-at-Arms
37:14 Pikeman
37:15 Elite Fire Lancer
37:41 Gambesons
37:56 Squires
37:41 Arson
38:12 Forging
38:02 Scale Mail Armor
38:08 Scale Barding Armor
37:53 Fletching
38:03 Padded Archer Armor
43:40 Two-Man Saw
43:11 Transhumance
43:07 Guilds
43:27 Coinage
42:58 Caravan
43:20 Chain Barding Armor
43:16 Chain Mail Armor
42:57 Bodkin Arrow
43:17 Leather Archer Armor
43:38 Iron Casting
51:58 Guard Tower
52:19 Fortified Wall
52:04 Murder Holes
52:15 Siege Engineers
52:20 Careening
52:21 Clinker Construction
51:33 Long Swordsman
51:36 Capped Ram
51:37 Heavy Rocket Cart
51:41 Spies/Treason
78:51 Siege Ram
79:55 Carvel Hull
78:57 Two-Handed Swordsman
79:54 Fervor
79:44 Atonement
80:10 Illumination
79:45 Devotion
80:05 Sanctity
80:06 Heresy
80:21 Theocracy
80:19 Banking
80:26 Plate Barding Armor
80:22 Plate Mail Armor
80:22 Ring Archer Armor
79:53 Bracer
挺拔的象拔蚌
6:53 Loom
9:47 Feudal Age
12:21 Horse Collar
12:31 Double-Bit Axe
16:54 Castle Age
18:15 Bow Saw
19:49 Gold Mining
21:39 Bow Saw
21:30 Heavy Plow
23:29 Wheelbarrow
26:47 Gold Shaft Mining
27:41 Forging
27:53 Scale Barding Armor
30:36 Imperial Age
28:22 Hand Cart
28:16 Stone Mining
29:21 Iron Casting
29:33 Treadmill Crane
30:30 Stone Shaft Mining
31:09 Chain Barding Armor
31:02 Squires
30:55 Fletching
31:05 Padded Archer Armor
31:40 Ballistics
32:21 Chemistry
32:49 Two-Man Saw
billzz0982
12:36 Feudal Age
16:14 Castle Age
14:30 Double-Bit Axe
21:52 Imperial Age
20:18 Gold Mining
20:45 Fletching
26:20 Bodkin Arrow
26:26 Padded Archer Armor
30:36 Bracer
31:10 Leather Archer Armor
69:41 Husbandry
69:53 Bloodlines
73:10 Forging
73:06 Scale Barding Armor
RedLeonGr
0:48 Loom
10:31 Feudal Age
11:08 Gold Mining
12:06 Wheelbarrow
11:54 Stone Mining
12:41 Double-Bit Axe
13:05 Horse Collar
19:48 Castle Age
18:26 Scale Barding Armor
20:03 Forging
19:54 Scale Mail Armor
19:46 Fletching
20:36 Husbandry
21:05 Bow Saw
21:36 Heavy Plow
27:56 Hand Cart
31:10 Imperial Age
33:43 Chain Barding Armor
37:04 Bodkin Arrow
37:45 Plate Barding Armor
36:39 Elite Skirmisher
37:59 Cavalier
42:59 Cavalier
59:10 Town Watch
Cwark San
0:34 Loom
10:39 Feudal Age
12:03 Double-Bit Axe
13:10 Horse Collar
16:20 Gold Mining
18:41 Castle Age
16:58 Forging
17:34 Stone Mining
18:13 Fletching
18:23 Padded Archer Armor
19:18 Wheelbarrow
20:19 Bloodlines
20:12 Husbandry
23:12 Light Cavalry
HighTowerM8
0:27 Loom
10:54 Feudal Age
11:41 Double-Bit Axe
11:41 Horse Collar
14:00 Wheelbarrow
19:37 Castle Age
18:22 Stone Mining
18:26 Gold Mining
21:04 Heavy Plow
21:46 Bow Saw
26:39 Fletching
27:01 Forging
26:52 Scale Mail Armor
Connection lost

Rejoining the realm…

Still unreachable

The connection could not be restored.

Session expired

The server has moved on; the page needs a fresh start.